 Dungeon Crawl Stone Soup version 0.31-a0-1099-g7fa767f3fe (webtiles) character file.

Game seed: 8259738176704606234

18441 ChronoRanger the Warrior (level 12, -10/122 HPs)
             Began as a Minotaur Fighter on Dec 1, 2023.
             Was a High Priest of Okawaru.
             Killed from afar by a deep elf knight (43 damage)
             ... with a shard of ice
             ... on level 12 of the Dungeon.
             The game lasted 00:45:31 (13896 turns).

ChronoRanger the Warrior (Minotaur Fighter)        Turns: 13896, Time: 00:45:32

Health: -10/122    AC: 21    Str: 25    XL:     12   Next: 27%
Magic:  11/11      EV: 11    Int:  5    God:    Okawaru [*****.]
Gold:   1577       SH: 13    Dex: 11    Spells: 11/11 levels left

rFire   . . .        r - +0 morningstar
rCold   . . .        w - +3 warlock's mirror {omnireflect}
rNeg    . . .        C - +4 chain mail
rPois   .            o - +0 hat
rElec   .            b - +1 cloak
rCorr   .            v - +2 pair of gloves {hurl}
SInv    +            (no boots)
Will    +....        y - amulet of reflection Stlth
                     f - ring of willpower
HPRegen 0.40/turn    s - ring of see invisible
MPRegen 0.12/turn

%: reflection
@: mighty, studying Air Magic
A: horns 2, retaliatory headbutt
a: Renounce Religion, Heroism, Finesse, Duel


You were on level 12 of the Dungeon.
You worshipped Okawaru.
Okawaru was extremely pleased with you.
You visited 2 branches of the dungeon, and saw 13 of its levels.

You collected 1577 gold pieces.

Inventory:

Hand Weapons
 a - a +0 flail
 r - a +0 morningstar (weapon)
Missiles
 l - 5 atropa-tipped darts
 D - 13 poisoned darts
 H - 2 curare-tipped darts
 I - 2 throwing nets
 L - 2 silver javelins
Armour
 b - a +1 cloak (worn)
 d - a +0 plate armour
 o - a +0 hat (worn)
 v - a +2 pair of gloves of hurling (worn)
 w - the +3 warlock's mirror (worn) {omnireflect}
   (You acquired it on level 6 of the Dungeon)

   Omnireflect: It can block and reflect piercing ranged attacks and magical
   attacks against the wielder's willpower.
 C - a +4 chain mail (worn)
 J - a +0 kite shield
Jewellery
 f - a ring of willpower (left hand)
 h - a ring of flight
 s - a ring of see invisible (right hand)
 y - an amulet of reflection (around neck)
Talismans
 z - a serpent talisman
Wands
 c - a wand of digging (2)
 A - a wand of mindburst (7)
 B - a wand of polymorph (15)
 K - a wand of roots (10)
 M - a wand of flame (4)
Scrolls
 i - 3 scrolls of fog
 k - 8 scrolls of teleportation
 q - 2 scrolls of silence
 x - a scroll of immolation
Potions
 e - a potion of cancellation {unknown}
 g - 9 potions of curing
 j - 2 potions of enlightenment
 m - a potion of lignification {unknown}
 n - 2 potions of berserk rage
 p - 2 potions of resistance
 t - a potion of brilliance
 u - a potion of haste
 F - a potion of magic {unknown}


   Skills:
 + Level 15.6 Fighting
 - Level 14.0 Maces & Flails
 - Level 10.0 Armour
 + Level 7.5 Dodging
 - Level 5.0 Shields


You had 11 spell levels left.
You didn't know any spells.
Your spell library contained the following spells:

 Spells                   Type           Power      Damage    Failure   Level
 Sting                    Tmut/Pois      0%         1d3       95%         1
 Ensorcelled Hibernation  Hex/Ice        0%         N/A       98%         2
 Passwall                 Tmut/Erth      0%         N/A       98%         2
 Poisonous Vapours        Pois/Air       0%         N/A       98%         2
 Swiftness                Air            0%         N/A       100%        3
 Anguish                  Hex/Necr       0%         N/A       100%        4
 Brom's Barrelling Bould  Conj/Erth      0%         2d3       100%        4
 Cause Fear               Hex            0%         N/A       100%        4
 Olgreb's Toxic Radiance  Pois           0%         N/A       100%        4
 Borgnjor's Vile Clutch   Necr/Erth      0%         N/A       100%        5
 Fireball                 Conj/Fire      0%         3d3       100%        5
 Iskenderun's Battlesphe  Conj           0%         2d6       100%        5
 Bombard                  Conj/Erth      0%         9d1       100%        6
 Conjure Ball Lightning   Conj/Air       0%         3x3d6     100%        6
 Enfeeble                 Hex            0%         N/A       100%        7
 Orb of Destruction       Conj           0%         9d5       100%        7
 Discord                  Hex            0%         N/A       100%        8
 Ignition                 Fire           0%         3d3       100%        8
 Animate Dead             Necr           Unusable   N/A       N/A         4
 Death Channel            Necr           Unusable   N/A       N/A         6
 Spellforged Servitor     Conj/Summ      Unusable   N/A       N/A         7

Dungeon Overview and Level Annotations

Branches:
Dungeon (12/15)            Temple (1/1) D:4            Lair (0/5) D:10
    Orc: D:9-12

Altars:
Ashenzari
Cheibriados
Dithmenos
Elyvilon
Fedhas
Gozag
Hepliaklqana
Kikubaaqudgha
Makhleb
Nemelex Xobeh
Okawaru
Qazlal
Ru
Sif Muna
Trog
Uskayaw
Vehumet
Wu Jian
Xom
Yredelemnul
Zin
The Shining One

Annotations:
D:3 1 runed translucent door, jotaen's ghost, amateur MiFi


Innate Abilities, Weirdness & Mutations

You have a pair of horns on your head.
You reflexively headbutt those who attack you in melee.


Message History

* * * LOW HITPOINT WARNING * * *
The centaur warrior kicks you but does no damage.
You puncture the centaur warrior!
Your headbutt misses the centaur warrior.
The centaur warrior is severely wounded.
You hear a horrible gurgling sound!
The centaur warrior closely misses you. You furiously retaliate!
You headbutt the centaur warrior! You block the centaur warrior's attack.
You puncture the centaur warrior!
You kill the centaur warrior!
Okawaru is honoured by your kill.
A purple ugly thing comes into view.
You closely miss the deep elf knight.
You headbutt the deep elf knight, but do no damage.
The deep elf knight gestures at you while chanting.
Your +3 warlock's mirror {omnireflect} blocks the lance of force... and reflects it back!
The lance of force hits the deep elf knight!!
The deep elf knight is knocked back by the lance of force.
The deep elf knight collides with the red ugly thing!
The red ugly thing is lightly wounded.
The deep elf knight is severely wounded.
You hear a horrible gurgling sound!
You puncture the deep elf knight!
The deep elf knight is almost dead.
The red ugly thing basks in the mutagenic energy from its kin and changes!
The deep elf knight hits you with a +0 long sword.
* * * LOW HITPOINT WARNING * * *
You feel much better.
The deep elf knight points at you and mumbles some strange words.
The shard of ice misses you.
A brown ugly thing comes into view.
You feel very mighty all of a sudden. You block the deep elf knight's attack.
The deep elf knight casts a spell at you.
The lance of force hits you!
* * * LOW HITPOINT WARNING * * *
You are knocked back by the lance of force.
The deep elf knight points at you and mumbles some strange words.
The shard of ice hits you!!!
You die...

.# ##. #.# ..
#.#.. #.#. #..
#.# #####.#
#.....#
#.#@#.####z####
#.#....(eGu....
#.#######u..#.#
#.# ..... #.#
#### #.# ..
#.#######....
#...)........
#####.####...


You could see a great orb of eyes, 2 ugly things and a deep elf knight (fast,
invisible).

Vanquished Creatures
  A hydra (D:8)
  4 centaur warriors
  3 two-headed ogres
  2 boulder beetles
  A wolf spider (D:12)
  3 cyclopes
  A gargoyle (D:8)
  Maggie (D:6)
  A kobold demonologist (D:8)
  A yaktaur (D:12)
  A komodo dragon (D:10)
  2 trolls (D:9)
  A hornet (D:9)
  Prince Ribbit (D:6)
  A blink frog (shapeshifter) (D:8)
  2 vampires
  Sigmund (D:5)
  2 wyverns (D:10)
  3 wraiths
  2 shadows
  7 yaks
  A steam dragon (D:8)
  Edmund (D:5)
  4 acid dragons
  6 water moccasins
  A swamp drake (D:9)
  5 orc warriors
  3 sky beasts
  2 black bears (D:10)
  3 ice beasts
  2 ogres (D:7)
  A centaur (shapeshifter) (D:12)
  4 centaurs
  5 kobold brigands
  7 bullfrogs
  2 gnoll sergeants (D:11)
  A scorpion (D:5)
  8 wights
  10 killer bees
  4 howler monkeys
  A howler monkey (shapeshifter) (D:8)
  6 hounds
  4 orc priests
  2 sleepcaps
  2 gnoll boudas
  7 iguanas
  8 orc wizards
  16 gnolls
  7 adders
  A shadow imp (D:6)
  A white imp (D:7)
  2 worms
  A dart slug (D:3)
  22 orcs
  9 endoplasms
  3 giant cockroaches
  3 goblins
  7 hobgoblins
  6 jackals
  34 kobolds
  2 quokkas
  9 ball pythons
  8 bats
  A frilled lizard (D:1)
  7 rats
280 creatures vanquished.

Notes
Turn   | Place    | Note
-------+----------+-------------------------------------------
     0 | D:1      | ChronoRanger the Minotaur Fighter began the quest for the
                  | Orb.
     0 | D:1      | Reached XP level 1. HP: 19/19 MP: 0/0
   129 | D:1      | Reached XP level 2. HP: 27/27 MP: 1/1
   678 | D:2      | Reached skill level 4 in Fighting
   678 | D:2      | Reached XP level 3. HP: 31/33 MP: 2/2
  1312 | D:3      | Found a runed translucent door.
  1312 | D:3      | Noticed jotaen's ghost (amateur MiFi)
  1486 | D:3      | Reached XP level 4. HP: 40/40 MP: 3/3
  1573 | D:3      | Found a faded altar of an unknown god.
  2117 | D:4      | Reached XP level 5. HP: 39/47 MP: 4/4
  2462 | D:4      | Noticed an orc warrior
  2470 | D:4      | Killed an orc warrior
  2471 | D:4      | Reached skill level 5 in Fighting
  2471 | D:4      | Reached skill level 5 in Maces & Flails
  2471 | D:4      | Reached XP level 6. HP: 44/56 MP: 5/5
  2536 | D:4      | Found a staircase to the Ecumenical Temple.
  2554 | D:4      | Reached skill level 5 in Armour
  2554 | D:4      | Reached skill level 5 in Shields
  2564 | Temple   | Entered the Ecumenical Temple
  3163 | D:4      | Found an iron altar of Okawaru.
  3163 | D:4      | Found a faded altar of an unknown god.
  3171 | D:4      | Found a sacrificial altar of Ru.
  3174 | D:4      | Became a worshipper of Warmaster Okawaru
  3177 | D:4      | Found a shimmering blue altar of Sif Muna.
  3179 | D:4      | Found a broken altar of Ashenzari.
  3367 | D:5      | Entered Level 5 of the Dungeon
  3432 | D:5      | Noticed Edmund
  3446 | D:5      | Killed Edmund
  3576 | D:5      | Noticed Sigmund
  3584 | D:5      | Killed Sigmund
  3585 | D:5      | Reached XP level 7. HP: 61/62 MP: 6/6
  3847 | D:5      | Reached skill level 6 in Fighting
  3914 | D:5      | Reached * piety under Okawaru
  3986 | D:5      | Reached XP level 8. HP: 34/71 MP: 7/7
  4685 | D:6      | Reached ** piety under Okawaru
  4686 | D:6      | Reached skill level 7 in Fighting
  4879 | D:6      | Identified a scroll of acquirement
  4879 | D:6      | Acquired the +3 warlock's mirror {omnireflect}
  4879 | D:6      | Found the +3 warlock's mirror {omnireflect}
  5106 | D:6      | Noticed Maggie
  5121 | D:6      | Killed Maggie
  5132 | D:6      | Reached *** piety under Okawaru
  5216 | D:6      | Reached skill level 10 in Maces & Flails
  5216 | D:6      | Reached XP level 9. HP: 72/81 MP: 8/8
  5672 | D:6      | Reached skill level 8 in Fighting
  5845 | D:6      | Noticed Prince Ribbit
  5857 | D:6      | Killed Prince Ribbit
  7026 | D:7      | Acquired 742 gold pieces
  7169 | D:7      | Reached **** piety under Okawaru
  7170 | D:7      | Reached skill level 9 in Fighting
  7746 | D:8      | Reached XP level 10. HP: 91/91 MP: 9/9
  7750 | D:8      | You fall into a shaft and drop 3 floors!
  8341 | D:11     | Noticed a cyclops
  8349 | D:11     | Killed a cyclops
  8479 | D:10     | Entered Level 10 of the Dungeon
  8597 | D:10     | Reached skill level 10 in Fighting
  8679 | D:10     | Reached skill level 10 in Armour
  8827 | D:9      | Noticed a centaur warrior
  8835 | D:9      | Killed a centaur warrior
  8835 | D:9      | Reached ***** piety under Okawaru
  9049 | D:8      | Received a gift from Okawaru
  9139 | D:8      | Noticed a five-headed hydra
  9149 | D:8      | Killed a five-headed hydra
  9150 | D:8      | Reached skill level 11 in Fighting
  9167 | D:8      | Reached XP level 11. HP: 44/104 MP: 10/10
  9350 | D:8      | Reached skill level 12 in Fighting
  9350 | D:8      | Noticed a two-headed ogre
  9364 | D:8      | Killed a two-headed ogre
  9410 | D:8      | Noticed a boulder beetle
  9429 | D:8      | Killed a boulder beetle
  9868 | D:8      | Reached skill level 13 in Fighting
  9883 | D:8      | Noticed a centaur warrior
  9889 | D:8      | Killed a centaur warrior
 10695 | D:9      | Found an ornate altar of the Wu Jian Council.
 10722 | D:9      | Reached skill level 1 in Dodging
 10883 | D:9      | Noticed a centaur warrior
 10891 | D:9      | Killed a centaur warrior
 10891 | D:9      | Received a gift from Okawaru
 10892 | D:9      | Reached skill level 14 in Fighting
 11927 | D:10     | Found a staircase to the Lair.
 12199 | D:10     | Found a sparkling altar of Nemelex Xobeh.
 12338 | D:10     | Reached skill level 5 in Dodging
 13108 | D:11     | Noticed a boulder beetle
 13119 | D:11     | Noticed a two-headed ogre
 13129 | D:11     | Killed a two-headed ogre
 13131 | D:11     | Reached skill level 15 in Fighting
 13131 | D:11     | Reached XP level 12. HP: 24/119 MP: 8/11
 13132 | D:11     | Killed a boulder beetle
 13132 | D:11     | Received a gift from Okawaru
 13763 | D:12     | Noticed a two-headed ogre
 13771 | D:12     | Killed a two-headed ogre
 13861 | D:12     | Noticed a centaur warrior
 13868 | D:12     | Noticed a great orb of eyes
 13891 | D:12     | Killed a centaur warrior
 13896 | D:12     | Killed from afar by a deep elf knight

Illustrated notes

Levels and vault maps discovered:
D:1:      tekkud_arrival_beachfront_property, layout_rooms,
          hangedman_decor_clover_reticule
D:2:      layout_rooms
D:3:      minmay_chambers_of_twos, layout_basic, ebering_ghost_inner_flame,
          shapermc_ecumenical_altar_starsandcircs, serial_bayou_lake_a
D:4:      nicolae_cairo_tiling_large, layout_loops_ring,
          chequers_temple_overflow_minitemple, minmay_temple_entry_purple_smoke,
          minmay_manual_mess
D:5:      nicolae_cairo_tiling_very_big, layout_loops_ring, uniq_edmund,
          uniq_sigmund
D:6:      kennysheep_kobold_camp, layout_gridville, grunt_ministairs_6,
          uniq_prince_ribbit1, uniq_maggie
D:7:      kennysheep_six_static_rooms, layout_loops_corners
D:8:      layout_layer_cave, minmay_shattered_shrine
D:9:      layout_roguey, nicolae_wu_jian_wuxing_cycle,
          minmay_fractal_squares_gapless_7
D:10:     layout_basic, nemelex_spade_bored_becter, due_lair_maze_entry_diamond
D:11:     layout_irregular_city
D:12:     layout_loops_cross, orc_0_dummy, minivault_28, uniq_josephine
Temple:   lightli_temple_of_artemis

Skill      XL: |  1  2  3  4  5  6  7  8  9 10 11 12 |
---------------+-------------------------------------+-----
Maces & Flails | 3 4 5 6 7 10 12 14 | 14.0
Shields        | 4 5 |  5.0
Fighting       | 4 5 6 7 9 11 15 | 15.6
Armour         | 4 5 6 7 9 10 | 10.0
Dodging        | 6 7 |  7.5

Action                     |  1- 3 |  4- 6 |  7- 9 | 10-12 || total
---------------------------+-------+-------+-------+-------++-------
  Melee: Flail             |    92 |    89 |       |       ||   181
         Headbutt          |    11 |    20 |    63 |    96 ||   190
         Morningstar       |       |    31 |   336 |   390 ||   757
 Invoke: Heroism           |       |       |       |     5 ||     5
         Finesse           |       |       |       |     1 ||     1
    Use: Scroll            |     3 |     3 |     7 |     5 ||    18
         Potion            |       |     2 |     1 |     3 ||     6
   Stab: Confused          |       |       |     1 |       ||     1
 Armour: Scale mail        |    50 |       |       |       ||    50
         Chain mail        |     6 |    42 |       |   187 ||   235
         Plate armour      |       |    32 |   205 |    97 ||   334
  Dodge: Dodged            |    31 |    34 |    79 |    94 ||   238
  Block: Buckler           |    13 |    23 |   146 |   265 ||   447
         Reflection        |       |       |    14 |    20 ||    34

Table legend: (Time is in decaauts)
 A = Elapsed time spent in this place.
 B = Non-inter-level travel time spent in this place.
 C = Inter-level travel time spent in this place.
 D = Time resting spent in this place.
 E = Time spent auto-exploring this place.
 F = Levels seen in this place.
 G = Mean time per level.
                   A        B        C        D        E       F      G
               +--------+--------+--------+--------+--------+-----+--------+
         Total |  13887 |  13480 |    407 |   3187 |   3635 |  13 | 1068.2 |
       Dungeon |  13849 |  13442 |    407 |   3187 |   3635 |  12 | 1154.1 |
        Temple |     37 |     37 |      0 |      0 |      0 |   1 |   37.0 |
               +--------+--------+--------+--------+--------+-----+--------+

Top non-repeatable levels by time:
     D:6: 1944 daAuts
    D:11: 1770 daAuts
     D:8: 1701 daAuts
    D:10: 1328 daAuts
     D:4: 1257 daAuts
     D:5: 1213 daAuts
     D:7: 1137 daAuts
     D:9: 1028 daAuts
     D:3: 1014 daAuts
     D:2: 566 daAuts
     D:1: 536 daAuts
    D:12: 349 daAuts
  Temple: 37 daAuts
